 Dungeon Crawl Stone Soup version 0.31-a0-177-g4aa6249778 (webtiles) character file.

Game seed: 14394246888553816592

362 qw the Shooter (level 6, -2/57 HPs)
             Began as a Naga Hunter on June 18, 2023.
             Slain by a killer bee (5 damage)
             ... on level 4 of the Dungeon.
             The game lasted 00:01:00 (2662 turns).

qw the Shooter (Naga Hunter)                        Turns: 2662, Time: 00:01:01

Health: -2/57      AC:  3    Str: 13    XL:     6   Next: 66%
Magic:  6/6        EV:  9    Int: 10    God:
Gold:   186        SH:  0    Dex: 16    Spells: 5/5 levels left

rFire   . . .        Y - +0 shortbow
rCold   . . .        (shield currently unavailable)
rNeg    . . .        c - +0 leather armour
rPois   +            (no helmet)
rElec   .            (no cloak)
rCorr   .            (no gloves)
SInv    +            (no barding)
Will    .....        (no amulet)
Stlth   ++           (no ring)
HPRegen 0.29/turn    (no ring)
MPRegen 0.10/turn

%: no passive effects
@: lethally poisoned (-2 -> -3), short of breath, very slow
A: AC +2, large, see invisible, deformed body, poison resistance, slowness 2,
spit poison 1, naga tail 1
a: Spit Poison


You were on level 4 of the Dungeon.
You visited 1 branch of the dungeon, and saw 4 of its levels.

You collected 186 gold pieces.


Innate Abilities, Weirdness & Mutations

Your serpentine skin is tough. (AC +2)
You have supernaturally acute eyesight. (SInv)
Armour fits poorly on your strangely shaped body.
Your system is resistant to poisons. (rPois)
You cover ground very slowly.
You can spit poison.
You have a snake-like lower body.


   Skills:
 - Level 4.1 Fighting
 + Level 6.2 Ranged Weapons
 - Level 1.5 Dodging
 - Level 1.5 Stealth


You had 5 spell levels left.
You didn't know any spells.
Your spell library was empty.

Inventory:

Hand Weapons
 Y - a +0 shortbow (weapon)
Armour
 c - a +0 leather armour (worn)
Jewellery
 g - a ring of fire
Scrolls
 a - a scroll of identify
 b - a scroll of silence {unknown}
 d - 3 scrolls of teleportation {unknown}
Potions
 e - a potion of heal wounds {unknown}
 f - a potion of curing {unknown}

Dungeon Overview and Level Annotations

Branches:
Dungeon (4/15)
 Temple: D:4-7

Altars:
Dithmenos
Xom

Shops:
D:2 (   D:3 *


Message History

Enter note:
2656 ||| INVOKING Spit Poison.
Aiming: Spit Poison (1% risk of failure)
Press: ? - help, Shift-Dir - straight line, f - killer bee The splash of poison misses the killer bee.
The splash of poison hits the killer bee!
The killer bee is poisoned.
The killer bee is severely wounded.
The killer bee stings you. x2
You shoot an arrow. The arrow hits the killer bee.
The killer bee is moderately wounded.
You kill the killer bee!
The killer bee stings you. The killer bee completely misses you.
You shoot an arrow.
The arrow hits the killer bee but does no damage.
The killer bee is moderately wounded.
The killer bee barely misses you. The killer bee stings you.
You shoot an arrow. The arrow misses the killer bee.
The killer bee stings you!
You are poisoned.
The killer bee poisons you! The killer bee stings you.
The killer bee closely misses you. The killer bee stings you.
You shoot an arrow. The arrow barely misses the killer bee.
You have got your breath back.
You feel sick. The killer bee closely misses you.
The killer bee stings you but does no damage.
The killer bee barely misses you. The killer bee stings you.
The killer bee closely misses you.
2661 ||| INVOKING Spit Poison.
Aiming: Spit Poison (1% risk of failure)
Press: ? - help, Shift-Dir - straight line, f/p - killer bee The splash of poison hits the killer bee!
The killer bee is almost dead.
You feel sick. The killer bee stings you. x2
The killer bee completely misses you. The killer bee stings you!
The killer bee stings you. The killer bee completely misses you.
You shoot an arrow.
The arrow closely misses the killer bee.
You feel sick. The killer bee stings you.
You die...

#.....>####
#..#>.....# #...
#...........
#....###..# #.#.
#......####..###..###
##.## #.#. #......#
#......# #..# #.#.
######.# ##......#
##.####.#.
.####..###..#
#...##.#. .)........#
###.##### ..######.##
#.# #. . #@# #.####.
#....yyy.# #....#.
#........# ####)#.
..........# #...
.#........# #..#
..........# #..#
.#........# #####..#
########## #......>
#.......


You could see 3 killer bees.

Vanquished Creatures
  An ogre (D:4)
  2 killer bees (D:4)
  A hound (D:4)
  An orc priest (D:4)
  3 adders
  A gnoll (D:1)
  2 worms (D:3)
  4 dart slugs
  7 orcs
  5 ball pythons
  8 endoplasms
  4 giant cockroaches
  6 hobgoblins
  2 jackals (D:3)
  3 quokkas
  8 bats
  2 frilled lizards (D:1)
  5 goblins
  6 kobolds
  2 rats
73 creatures vanquished.

Notes
Turn   | Place    | Note
-------+----------+-------------------------------------------
     0 | D:1      | qw the Naga Hunter began the quest for the Orb.
     0 | D:1      | Reached XP level 1. HP: 19/19 MP: 1/1
     0 | D:1      | 0 ||| qw: Version: 0.3-a-5-g6f28e65
     0 | D:1      | 0 ||| qw: Game counter: 592
     0 | D:1      | 0 ||| qw: Always use a shield: true
     0 | D:1      | 0 ||| qw: God list: Okawaru
     0 | D:1      | 0 ||| qw: Allow faded altars: false
     0 | D:1      | 0 ||| qw: Do Orc after D:15 true
     0 | D:1      | 0 ||| qw: Do second Lair branch before Depths: true
     0 | D:1      | 0 ||| qw: Lair rune preference: random
     0 | D:1      | 0 ||| qw: Plans: Normal
     0 | D:1      | 0 ||| PLANNING D:1-11
    18 | D:1      | 18 ||| DROPPING scroll of butterflies.
    21 | D:1      | 21 ||| INVOKING Spit Poison.
    42 | D:1      | 42 ||| INVOKING Spit Poison.
    50 | D:1      | 50 ||| INVOKING Spit Poison.
    51 | D:1      | 51 ||| INVOKING Spit Poison.
    65 | D:1      | 65 ||| INVOKING Spit Poison.
    69 | D:1      | 69 ||| INVOKING Spit Poison.
    70 | D:1      | Reached skill level 4 in Ranged Weapons
    70 | D:1      | Reached XP level 2. HP: 20/26 MP: 2/2
   127 | D:1      | 127 ||| INVOKING Spit Poison.
   130 | D:1      | 130 ||| INVOKING Spit Poison.
   149 | D:1      | 149 ||| READING scroll labelled TEUSEN WEOGG.
   150 | D:1      | 150 ||| INVOKING Spit Poison.
   258 | D:1      | 258 ||| INVOKING Spit Poison.
   319 | D:1      | 319 ||| INVOKING Spit Poison.
   323 | D:1      | Reached XP level 3. HP: 27/32 MP: 3/3
   371 | D:1      | 371 ||| INVOKING Spit Poison.
   393 | D:1      | 393 ||| INVOKING Spit Poison.
   524 | D:1      | 524 ||| INVOKING Spit Poison.
   724 | D:2      | 724 ||| INVOKING Spit Poison.
   738 | D:2      | Found a faded altar of an unknown god.
   770 | D:2      | 770 ||| INVOKING Spit Poison.
   775 | D:2      | 775 ||| INVOKING Spit Poison.
   907 | D:2      | 907 ||| INVOKING Spit Poison.
   926 | D:2      | 926 ||| INVOKING Spit Poison.
  1145 | D:2      | 1145 ||| INVOKING Spit Poison.
  1150 | D:2      | 1150 ||| INVOKING Spit Poison.
  1154 | D:2      | 1154 ||| INVOKING Spit Poison.
  1291 | D:2      | Found Jyetaeni's Antique Weapon Emporium.
  1302 | D:2      | 1302 ||| SHOPLISTING glowing shortbow (174 gold, have 120).
  1302 | D:2      | 1302 ||| SHOPLISTING runed longbow (275 gold, have 120).
  1313 | D:2      | 1313 ||| INVOKING Spit Poison.
  1462 | D:2      | 1462 ||| READING scroll labelled LECUBO VOSKI.
  1463 | D:2      | 1463 ||| READING scroll labelled COSTRAOG ELLOW.
  1522 | D:2      | 1522 ||| READING 4 scrolls of identify.
  1522 | D:2      | 1522 ||| IDENTIFYING bubbling puce potion
  1523 | D:2      | 1523 ||| READING 3 scrolls of identify.
  1523 | D:2      | 1523 ||| IDENTIFYING white potion
  1524 | D:2      | 1524 ||| DROPPING potion of magic.
  1525 | D:2      | 1525 ||| DROPPING potion of degeneration.
  1541 | D:3      | 1541 ||| INVOKING Spit Poison.
  1565 | D:3      | Found Oxivved's General Store.
  1575 | D:3      | 1575 ||| INVOKING Spit Poison.
  1581 | D:3      | 1581 ||| SHOPLISTING scarf of resistance (352 gold, have
                  | 135).
  1593 | D:3      | 1593 ||| INVOKING Spit Poison.
  1596 | D:3      | Reached skill level 5 in Ranged Weapons
  1596 | D:3      | Reached XP level 4. HP: 39/39 MP: 4/4
  1601 | D:3      | 1601 ||| INVOKING Spit Poison.
  1610 | D:3      | 1610 ||| INVOKING Spit Poison.
  1621 | D:3      | 1621 ||| INVOKING Spit Poison.
  1626 | D:3      | 1626 ||| INVOKING Spit Poison.
  1629 | D:3      | 1629 ||| INVOKING Spit Poison.
  1635 | D:3      | 1635 ||| INVOKING Spit Poison.
  1640 | D:3      | 1640 ||| INVOKING Spit Poison.
  1643 | D:3      | 1643 ||| INVOKING Spit Poison.
  1715 | D:3      | Found a shimmering altar of Xom.
  1718 | D:3      | 1718 ||| INVOKING Spit Poison.
  1776 | D:3      | 1776 ||| INVOKING Spit Poison.
  1813 | D:3      | 1813 ||| INVOKING Spit Poison.
  1826 | D:3      | 1826 ||| INVOKING Spit Poison.
  1858 | D:3      | Found a shadowy altar of Dithmenos.
  1891 | D:3      | 1891 ||| INVOKING Spit Poison.
  1904 | D:3      | 1904 ||| INVOKING Spit Poison.
  1973 | D:3      | 1973 ||| INVOKING Spit Poison.
  1986 | D:3      | 1986 ||| INVOKING Spit Poison.
  1990 | D:3      | 1990 ||| INVOKING Spit Poison.
  1991 | D:3      | Reached skill level 3 in Fighting
  2023 | D:3      | 2023 ||| INVOKING Spit Poison.
  2189 | D:3      | 2189 ||| READING scroll labelled JOXUR ZUAPAID.
  2190 | D:3      | 2190 ||| READING 2 scrolls of identify.
  2190 | D:3      | 2190 ||| IDENTIFYING yellow potion
  2191 | D:3      | 2191 ||| DROPPING potion of lignification.
  2241 | D:4      | 2241 ||| INVOKING Spit Poison.
  2245 | D:4      | Reached XP level 5. HP: 46/49 MP: 5/5
  2266 | D:4      | 2266 ||| INVOKING Spit Poison.
  2304 | D:4      | Noticed an ogre
  2305 | D:4      | 2305 ||| INVOKING Spit Poison.
  2310 | D:4      | 2310 ||| INVOKING Spit Poison.
  2313 | D:4      | 2313 ||| INVOKING Spit Poison.
  2313 | D:4      | Killed an ogre
  2314 | D:4      | Reached skill level 6 in Ranged Weapons
  2317 | D:4      | Reached XP level 6. HP: 34/56 MP: 6/6
  2320 | D:4      | 2320 ||| INVOKING Spit Poison.
  2464 | D:4      | 2464 ||| Stepping ~*~*~tactically~*~*~ (outnumbered).
  2466 | D:4      | 2466 ||| INVOKING Spit Poison.
  2517 | D:4      | 2517 ||| INVOKING Spit Poison.
  2524 | D:4      | 2524 ||| INVOKING Spit Poison.
  2529 | D:4      | 2529 ||| INVOKING Spit Poison.
  2536 | D:4      | 2536 ||| INVOKING Spit Poison.
  2656 | D:4      | 2656 ||| INVOKING Spit Poison.
  2661 | D:4      | 2661 ||| INVOKING Spit Poison.
  2661 | D:4      | HP: 9/57 [killer bee (7)]
  2661 | D:4      | HP: 4/57 [killer bee (5)]
  2662 | D:4      | Slain by a killer bee

Levels and vault maps discovered:
D:1:      spicycebolla_arrival_clurvy, layout_loops_ring, serial_glass,
          glass_columns_b, glass_columns_a, glass_columns_a, glass_columns_c,
          glass_columns_b, glass_columns_a, glass_columns_a, glass_columns_a,
          glass_columns_a, glass_columns_c, glass_columns_c, glass_columns_b,
          glass_columns_b, glass_columns_a
D:2:      layout_basic, serial_shops, nicolae_shop_trees,
          chequers_ecumenical_altar_simple_redux
D:3:      layout_basic, nicolae_dithmenos_through_a_glass_darkly,
          mainiacjoe_overflow_surrounded_room, serial_shops, shop
D:4:      layout_rooms, grunt_temple_overflow_open, minmay_temple_entry_ruins,
          minmay_misc_feat_ornament, minmay_manual_mail

Skill      XL: |  1  2  3  4  5  6 |
---------------+-------------------+-----
Ranged Weapons | 4 5 6 |  6.2
Fighting       | 3 4 |  4.1
Dodging        | |  1.5
Stealth        | |  1.5

Action                     |  1- 3 |  4- 6 || total
---------------------------+-------+-------++-------
   Fire: Shortbow          |    72 |    89 ||   161
Ability: Spit Poison       |    25 |    31 ||    56
    Use: Scroll            |     5 |     2 ||     7
 Armour: Leather armour    |    10 |    10 ||    20
  Dodge: Dodged            |    15 |    29 ||    44

Table legend:
 A = Non-vault XP
 B = Vault XP
 C = Vault XP percentage of total XP
 D = Non-vault monster count
 E = Vault monster count
 F = Vault count percentage of total count
                 A         B        C        D         E       F
            +---------+---------+-------+---------+---------+-------
      Total |     401 |     117 |  22.6 |      66 |       7 |   9.6
            +---------+---------+-------+---------+---------+-------
        D:1 |      43 |       0 |   0.0 |      19 |       0 |   0.0
        D:2 |      28 |       0 |   0.0 |      14 |       0 |   0.0
        D:3 |      73 |       0 |   0.0 |      25 |       0 |   0.0
        D:4 |     257 |     117 |  31.3 |       8 |       7 |  46.7
            +---------+---------+-------+---------+---------+-------
